 Dungeon Crawl Stone Soup version 0.28.0-47-ge53b351184 (webtiles) character file.

Game seed: 9701309046625607109

44 tizbic2 the Bolt Thrower (level 3, 0/29 HPs)
             Began as a Demigod Hunter on May 7, 2022.
             Succumbed to an adder's poison
             ... on level 2 of the Dungeon.
             The game lasted 00:04:42 (1143 turns).

tizbic2 the Bolt Thrower (Demigod Hunter)           Turns: 1143, Time: 00:04:43

Health: 0/29       AC:  5    Str: 17    XL:     3   Next: 22%
Magic:  5/5        EV: 11    Int: 13    God:
Gold:   48         SH:  0    Dex: 14    Spells: 2/2 levels left

rFire   . . .      SeeInvis .   j - +0 hand axe
rCold   . . .      Faith    .   (no shield)
rNeg    . . .      Spirit   .   f - +0 ring mail
rPois   .          Reflect  .   (no helmet)
rElec   .          Harm     .   (no cloak)
rCorr   .          Rampage  .   (no gloves)
Will    .....                   (no boots)
Stlth   +.........              (no amulet)
HPRegen 0.09/turn               (no ring)
MPRegen 0.09/turn               (no ring)

@: brilliant, lethally poisoned (0 -> 0)
A: high MP 1, forlorn, divine attributes
a: no special abilities


You were on level 2 of the Dungeon.
You visited 1 branch of the dungeon, and saw 2 of its levels.

You collected 48 gold pieces.

Inventory:

Hand Weapons
 a - a +1 hand crossbow
 j - a +0 hand axe (weapon)
Missiles
 d - 11 bolts
 e - 4 poisoned darts (quivered)
 i - a stone
Armour
 f - a +0 ring mail (worn)
Scrolls
 b - a scroll of identify {unknown}
 h - a scroll of teleportation {unknown}


   Skills:
 + Level 2.2 Fighting
 + Level 3.9 Crossbows
 * Level 1.8 Armour
 - Level 1.7 Dodging
 - Level 0.8 Stealth


You had 2 spell levels left.
You didn't know any spells.
Your spell library was empty.

Dungeon Overview and Level Annotations

Branches:
Dungeon (2/15)

Shops:
D:1 [


Innate Abilities, Weirdness & Mutations

You have an increased reservoir of magic. (+10% MP)
You shall have no god before yourself.
Your divine heritage dramatically boosts your attributes as you level up.


Message History

The adder is severely wounded.
You miss the adder.
You feel sick. The adder closely misses you. The adder bites you.
You are more poisoned.
The adder poisons you! The adder closely misses you. x2
You closely miss the adder.
The adder is heavily wounded.
You closely miss the adder.
You feel very sick. The adder bites you but does no damage.
The adder barely misses you. x2
The adder bites you.
* * * LOW HITPOINT WARNING * * *
It was a potion of curing.
You feel better. The adder barely misses you.
The adder bites you but does no damage.
You miss the adder.
The adder is heavily wounded.
You closely miss the adder. The adder barely misses you.
The adder bites you. x2
You are poisoned.
The adder poisons you! The adder barely misses you.
You hit the adder but do no damage.
The adder is heavily wounded.
You hit the adder but do no damage.
You feel sick. The adder completely misses you. The adder closely misses you.
It was a potion of brilliance.
You feel clever all of a sudden.
You feel sick. The adder bites you.
* * * LOW HITPOINT WARNING * * *
The adder bites you but does no damage. x2; The adder barely misses you.
You miss the adder.
The adder is severely wounded.
You hit the adder but do no damage.
You feel sick. The adder bites you but does no damage. The adder bites you.
* * * LOW HITPOINT WARNING * * *
You hit the adder.
The adder is heavily wounded.
You hit the adder.
You feel sick. The adder bites you.
* * * LOW HITPOINT WARNING * * *
The adder barely misses you. x2; The adder bites you.
* * * LOW HITPOINT WARNING * * *
You die...

.# #### .# #.. .#
####.#### .# .>.....#
.# #......#
.#############......#
...............SS...#
..##############.####
#.# #@# #.# #.# #.#
#.# #.# ..# #.# ###
#.^.....# #######.#


You could see 2 adders.

Vanquished Creatures
  2 adders (D:2)
  2 dart slugs (D:1)
  An endoplasm (D:1)
  4 giant cockroaches (D:1)
  3 jackals (D:1)
  A kobold (D:1)
  A quokka (D:1)
  3 ball pythons (D:1)
  3 bats (D:2)
  2 frilled lizards
  2 rats
24 creatures vanquished.

Notes
Turn   | Place    | Note
-------+----------+-------------------------------------------
     0 | D:1      | tizbic2 the Demigod Hunter began the quest for the Orb.
     0 | D:1      | Reached XP level 1. HP: 17/17 MP: 3/3
   139 | D:1      | Found Imunoih's Armour Shop.
   297 | D:1      | Reached skill level 1 in Armour
   340 | D:1      | Reached XP level 2. HP: 24/24 MP: 4/4
  1024 | D:2      | Reached XP level 3. HP: 29/29 MP: 5/5
  1142 | D:2      | HP: 1/29 [adder (1)]
  1143 | D:2      | Succumbed to an adder's poison

Illustrated notes

Levels and vault maps discovered:
D:1:      dpeg_arrival_pits, layout_basic,
          hellmonk_ecumenical_altar_defaced_shrine, serial_shops,
          nicolae_shop_competitors_out_of_business
D:2:      layout_basic

Skill      XL: |  1 |
---------------+----+-----
Fighting       | 2 |  2.2
Armour         | 1 |  1.8
Crossbows      | |  3.9
Dodging        | |  1.7
Stealth        | |  0.8

Action                   || total
-------------------------++-------
Melee: Hand axe          ||    29
 Fire: Hand crossbow     ||    35
  Use: Potion            ||     2
 Stab: Sleeping          ||     1
Armor: Leather armour    ||     3
       Ring mail         ||    16
Dodge: Dodged            ||    49
